AoeStats
← ImpossibleMoney6290

Arabia

508443645Analyzed
1v1 RM · 10d ago on Sep 22, 2026· 37m 56s· 2 players
Game mode
Random Map
Map size
Tiny (2 player)
Population
200
Speed
Normal
Resources
Standard
Victory
Conquest
Starting age
Dark Age
Ending age
Imperial Age
RankedLock teamsTeams togetherTeam positionsShared explorationLock speedFull tech treeHidden civsTurbo modeCheats
Victory
Defeat
🇨🇳 Sicilians · China
1215
+19
🇦🇷 Britons · Argentina
1287
-19
未知103
6:35 Loom
8:56 Feudal Age
9:24 Double-Bit Axe
16:57 Horse Collar
21:27 Fletching
24:55 Castle Age
23:58 Padded Archer Armor
26:25 Wheelbarrow
25:21 Elite Skirmisher
26:40 Scale Mail Armor
27:58 Bodkin Arrow
29:38 Crossbowman
32:09 Elite Skirmisher
33:43 Bow Saw
33:36 Pikeman
35:24 Leather Archer Armor
ImpossibleMoney6290
7:10 Loom
9:43 Feudal Age
18:23 Fletching
20:01 Padded Archer Armor
30:23 Castle Age
30:27 Crossbowman
31:22 Town Watch
34:18 Wheelbarrow
37:52 Hand Cart
37:46 Caravan
Connection lost

Rejoining the realm…

Still unreachable

The connection could not be restored.

Session expired

The server has moved on; the page needs a fresh start.